 Dungeon Crawl Stone Soup version 0.32-a0-643-ga006e7742e (webtiles) character file.

Game seed: 2664387860288684523

656 Dittersdorf the Shield-Bearer (level 7, -4/44 HPs)
             Began as a Gargoyle Fighter on Mar 7, 2024.
             Slain by a gnoll
             ... wielding a +0 spear
             ... led by a gnoll bouda
              (6 damage)
             ... on level 5 of the Dungeon.
             The game lasted 00:04:03 (2991 turns).

Dittersdorf the Shield-Bearer (Gargoyle Fighter)    Turns: 2991, Time: 00:04:03

Health: -4/44      AC: 13    Str: 21    XL:     7   Next: 55%
Magic:  7/7        EV:  9    Int:  9    God:
Gold:   218        SH:  5    Dex:  9    Spells: 6/6 levels left

rFire   . . .        a - +1 flail
rCold   . . .        c - +0 buckler
rNeg    + . .        b - +0 scale mail
rPois   ∞            i - +0 helmet
rElec   +            (no cloak)
rCorr   .            (no gloves)
SInv    .            (no boots)
Will    .....        (no amulet) Stlth
                     (no ring)
HPRegen 0.27/turn    (no ring)
MPRegen 0.10/turn

%: no passive effects
@: on berserk cooldown, slowed, very slow
A: sickness immunity, AC +4, negative energy resistance 1, electricity
resistance, torment resistance 1, petrification resistance
a: no special abilities


You were on level 5 of the Dungeon.
You visited 1 branch of the dungeon, and saw 5 of its levels.
You also visited: Sewer.

You collected 218 gold pieces.

Inventory:

Hand Weapons
 a - a +1 flail (weapon)
Armour
 b - a +0 scale mail (worn)
 c - a +0 buckler (worn)
 i - a +0 helmet (worn)
Wands
 e - a wand of light (4)
 q - a wand of roots (7)
Scrolls
 j - a scroll of torment
Potions
 d - 2 potions of might
 g - a potion of brilliance
 m - 2 potions of mutation
 o - 2 potions of enlightenment
 p - 2 potions of heal wounds


   Skills:
 + Level 5.4 Fighting
 + Level 4.3 Maces & Flails
 + Level 5.4 Armour
 + Level 5.5 Shields


You had 6 spell levels left.
You didn't know any spells.
Your spell library contained the following spells:

 Spells                   Type           Power      Damage    Failure   Level
 Ensorcelled Hibernation  Hex/Ice        0%         N/A       88%         2
 Mercury Vapours          Alch/Air       0%         N/A       88%         2
 Fugue of the Fallen      Necr           0%         N/A       98%         3
 Mephitic Cloud           Conj/Alch/Air  0%         N/A       98%         3
 Anguish                  Hex/Necr       0%         N/A       100%        4
 Freezing Cloud           Conj/Ice/Air   0%         6-21      100%        5
 Chain Lightning          Conj/Air       0%         N/A       100%        9
 Fire Storm               Conj/Fire      0%         5d1       100%        9
 Shatter                  Erth           0%         3d5*      100%        9


Dungeon Overview and Level Annotations

Branches:
Dungeon (4/15)              Sewer (visited)
 Temple: D:4-7

Altars:
Cheibriados
Hepliaklqana
Trog
The Shining One


Innate Abilities, Weirdness & Mutations

You are immune to sickness and miasma.
Your stone body is resilient. (AC +4)
You are immune to poison.
You resist negative energy. (rN+)
You are resistant to electric shocks. (rElec)
You are resistant to unholy torment.
You are immune to petrification.


Message History

The black bear bites you.
* * * LOW HITPOINT WARNING * * *
The black bear claws you but does no damage. x2
The black bear closely misses you. The black bear misses you.
The black bear claws you but does no damage.
You hit the black bear but do no damage.
The black bear is severely wounded.
You block the black bear's attack. The black bear claws you.
* * * LOW HITPOINT WARNING * * *
The black bear claws you but does no damage.
You thump the black bear!
You kill the black bear!
The gnoll shouts!
You hear a shout! x2
A gnoll comes into view. It is wielding a +0 spear.
Things that are here:
a +0 club; a black bear corpse You feel a strong urge to attack something.
You are no longer berserk.
You are exhausted.
You feel yourself slow down.
The gnoll shouts!
You hear a shout!
You closely miss the gnoll. The gnoll hits you but does no damage.
The gnoll hits you with a +0 club.
* * * LOW HITPOINT WARNING * * *
An orc comes into view. It is wielding a +0 dagger.
The gnoll hits you but does no damage.
You closely miss the gnoll. The gnoll hits you but does no damage.
The gnoll hits you with a +0 club.
* * * LOW HITPOINT WARNING * * *
You hit the gnoll.
The gnoll is lightly wounded.
You block the gnoll's attack. The gnoll hits you with a +0 club.
* * * LOW HITPOINT WARNING * * *
You block the gnoll's attack.
The gnoll hits you from afar with a +0 spear.
* * * LOW HITPOINT WARNING * * *
You closely miss the gnoll.
The gnoll is lightly wounded.
The gnoll hits you from afar with a +0 spear.
You die...

### .. .. .. ..
.# # #. ##.#.
#.## #...# ...#
#...#####g..#
#..)#...#go.# .#
##.#)...@# ###.#
..###..)###...##
....
#.###.#.....#
..#.. #.. #...#
. ### #.. #...#
#:. #...# .#.
##.#.. .###
.###... .. ###.#


You could see 2 gnolls and an orc.

Vanquished Creatures
  A black bear (D:5)
  An ogre (D:5)
  A kobold brigand (Sewer)
  A bombardier beetle (D:4)
  A gnoll bouda (D:5)
  An orc priest (D:3)
  2 sleepcaps
  An iguana (D:5)
  Robin (D:2)
  3 river rats (Sewer)
  5 adders
  4 gnolls
  A shadow imp (D:5)
  5 dart slugs
  A ribbon worm (D:2)
  5 orcs
  7 bats
  8 endoplasms
  A giant cockroach (D:2)
  15 goblins
  10 hobgoblins
  A jackal (Sewer)
  6 kobolds
  5 quokkas
  5 ball pythons
  A frilled lizard (D:1)
  13 rats
106 creatures vanquished.

Notes
Turn   | Place    | Note
-------+----------+-------------------------------------------
     0 | D:1      | Dittersdorf the Gargoyle Fighter began the quest for the
                  | Orb.
     0 | D:1      | Reached XP level 1. HP: 14/14 MP: 1/1
   169 | D:1      | Reached XP level 2. HP: 19/19 MP: 2/2
   433 | D:1      | Reached XP level 3. HP: 23/23 MP: 3/3
   618 | D:2      | Noticed Robin
   651 | D:2      | Killed Robin
   899 | D:2      | Reached XP level 4. HP: 29/29 MP: 4/4
  1426 | D:2      | Reached XP level 5. HP: 26/33 MP: 5/5
  1599 | D:2      | Found a bloodstained altar of Trog.
  1759 | D:3      | Found a glowing drain.
  1764 | Sewer    | Entered a sewer
  1830 | Sewer    | Noticed a kobold brigand
  1843 | Sewer    | Killed a kobold brigand
  1844 | Sewer    | Reached XP level 6. HP: 29/39 MP: 6/6
  1919 | Sewer    | Found a glowing silver altar of Zin.
  2043 | D:3      | Found a glowing golden altar of the Shining One.
  2527 | D:3      | Found a hazy altar of Hepliaklqana.
  2527 | D:3      | Found a snail-covered altar of Cheibriados.
  2771 | D:4      | Reached skill level 5 in Shields
  2912 | D:4      | You fall into a shaft and drop 1 floor!
  2912 | D:5      | Entered Level 5 of the Dungeon
  2921 | D:5      | Reached skill level 5 in Fighting
  2921 | D:5      | Reached skill level 5 in Armour
  2921 | D:5      | Reached XP level 7. HP: 44/44 MP: 7/7
  2966 | D:5      | HP: 2/44 [gnoll bouda/+0 whip (7)]
  2990 | D:5      | HP: 2/44 [gnoll/+0 spear[a gnoll bouda] (3)]
  2991 | D:5      | Slain by a gnoll

Illustrated notes

Levels and vault maps discovered:
D:1:      ncdulo_watergridlock, layout_basic, chequers_decorated_corner
D:2:      wad_woods_settlement, layout_basic, basic_altar,
          minmay_misc_feat_alley, minmay_misc_feat_nine_boxes, uniq_robin
D:3:      layout_loops_ring, nicolae_tso_swordbearing_angel,
          amethyst_overflow_temple_binary, portal_sewer_entry_e
D:4:      layout_rooms, minmay_temple_entry_mist,
          corexii_item_surrounded_by_moat, minmay_misc_feat_diagonals
D:5:      nicolae_cairo_tiling, layout_rooms,
          grunt_temple_overflow_champion_of_chaos,
          mainiacjoe_overflow_tiny_flanked, okawaru_trees_2, kennysheep_mini,
          mainiacjoe_overflow_alcove_4, uniq_grinder

Skill      XL: |  1  2  3  4  5  6 |
---------------+-------------------+-----
Shields        | 4 5 |  5.5
Armour         | 4 5 |  5.4
Fighting       | 4 5 |  5.4
Maces & Flails | 3 4 |  4.3

Action                     |  1- 3 |  4- 6 |  7- 9 || total
---------------------------+-------+-------+-------++-------
  Melee: Flail             |    93 |   206 |    40 ||   339
  Throw: Dart              |       |     1 |       ||     1
    Use: Scroll            |       |     9 |       ||     9
         Potion            |       |       |     3 ||     3
 Armour: Scale mail        |    74 |   156 |    45 ||   275
  Dodge: Dodged            |    43 |    93 |    16 ||   152
  Block: Buckler           |    26 |    39 |     8 ||    73

Table legend: (Time is in decaauts)
 A = Elapsed time spent in this place.
 B = Non-inter-level travel time spent in this place.
 C = Inter-level travel time spent in this place.
 D = Time resting spent in this place.
 E = Time spent auto-exploring this place.
 F = Levels seen in this place.
 G = Mean time per level.
                   A        B        C        D        E       F      G
               +--------+--------+--------+--------+--------+-----+--------+
         Total |   3109 |   2999 |    110 |    255 |   1868 |   6 |  518.2 |
       Dungeon |   2881 |   2771 |    110 |    207 |   1751 |   5 |  576.2 |
         Sewer |    228 |    228 |      0 |     48 |    116 |   1 |  228.0 |
               +--------+--------+--------+--------+--------+-----+--------+

Top non-repeatable levels by time:
     D:2: 1051 daAuts
     D:3: 815 daAuts
     D:1: 627 daAuts
     D:4: 300 daAuts
   Sewer: 228 daAuts
     D:5: 86 daAuts
